 Dungeon Crawl Stone Soup version 0.28.0-1-gb440e238dd (webtiles) character file.

Game seed: 13300068972926587453

730 smarlow the Skirmisher (level 7, -6/63 HPs)
             Began as a Minotaur Fighter on Feb 26, 2022.
             Mangled by an orc warrior (15 damage)
             ... on level 6 of the Dungeon.
             The game lasted 00:04:51 (5727 turns).

smarlow the Skirmisher (Minotaur Fighter)           Turns: 5727, Time: 00:04:52

Health: -6/63      AC:  2    Str: 23    XL:     7   Next: 44%
Magic:  6/6        EV: 11    Int:  5    God:
Gold:   137        SH:  5    Dex:  9    Spells: 6/6 levels left

rFire   . . .      SeeInvis .   r - +4 war axe
rCold   . . .      Faith    .   c - +0 buckler
rNeg    . . .      Spirit   .   d - +0 robe of the Leaf {Rampage}
rPois   .          Reflect  .   (helmet restricted)
rElec   .          Harm     .   (no cloak)
rCorr   .          Rampage  +   (no gloves)
Will    .....                   (no boots)
Stlth   +.........              (no amulet)
HPRegen 0.20/turn               g - ring of flight
MPRegen 0.10/turn               (no ring)

@: flying
A: horns 2, retaliatory headbutt
a: no special abilities


You were on level 6 of the Dungeon.
You visited 1 branch of the dungeon, and saw 6 of its levels.

You collected 137 gold pieces.

Inventory:

Hand Weapons
 r - a +4 war axe (weapon)
Armour
 b - a +1 scale mail
 c - a +0 buckler (worn)
 d - the +0 robe of the Leaf (worn) {Rampage}
   (You found it on level 6 of the Dungeon)

   Rampage:   It bestows one free step when moving towards enemies.
Jewellery
 g - a ring of flight (left hand)
 l - a +6 ring of dexterity
Wands
 j - a wand of iceblast (13)
 n - a wand of charming (10)
Scrolls
 e - 3 scrolls of amnesia
 f - a scroll of identify {unknown}
 h - 4 scrolls of fear
 o - a scroll of silence {unknown}
 p - a scroll of vulnerability {unknown}
Potions
 a - a potion of degeneration {unknown}
 i - a potion of brilliance {unknown}
 k - a potion of heal wounds {unknown}
 m - 2 potions of lignification {unknown}
 q - 3 potions of curing {unknown}
 s - 2 potions of magic {unknown}
 t - 2 potions of flight {unknown}


   Skills:
 + Level 6.1 Fighting
 + Level 5.4 Axes
 + Level 6.1 Armour
 + Level 6.1 Shields


You had 6 spell levels left.
You didn't know any spells.
Your spell library was empty.

Dungeon Overview and Level Annotations

Branches:
Dungeon (6/15)
 Temple: D:4-7

Altars:
Hepliaklqana
Makhleb
Sif Muna

Annotations:
D:4 2 runed translucent doors, issech's ghost, amateur TrMo
D:6 2 transporters, Dvallin's ghost, amateur KoDe


Innate Abilities, Weirdness & Mutations

You have a pair of horns on your head.
You reflexively headbutt those who attack you in melee.


Message History

You continue putting on the +0 robe of the Leaf {Rampage}. x5
You finish putting on the +0 robe of the Leaf {Rampage}.
You feel ready to rampage towards enemies.
You start resting.
You feel a little less mighty now.
You start resting.
HP restored.
Found a transporter.
The ogre shouts!
You hear a shout!
Found a transporter.
No reachable target in view!
No reachable target in view!
Found 24 stones.
The two-headed ogre shouts in stereo!
Dvallin's ghost wails, "Death is your only future!"
You see here 24 stones.
An orc warrior and an orc come into view.
The orc warrior is wielding a +1 dire flail of protection.
The orc warrior moves out of view.
An orc is nearby!
You rampage towards the orc!
The orc shouts!
An orc comes into view. It is wielding a +0 flail.
The orc hits you with a +0 club.
The orc shouts!
You slash the orc!
You kill the orc!
The orc warrior misses you.
You closely miss the orc warrior. Your headbutt misses the orc warrior.
The orc warrior hits you with a +1 dire flail of protection!
You hit the orc warrior but do no damage.
The orc warrior hits you with a +1 dire flail of protection!
You are too injured to fight recklessly!
You completely miss the orc warrior.
The orc warrior hits you with a +1 dire flail of protection!!
* * * LOW HITPOINT WARNING * * *
The orc warrior barely misses you.
You barely miss the orc warrior.
The orc warrior hits you with a +1 dire flail of protection!
You die...

## .# .#©. .© ###
.#..##...##. # ..#
.#.#..#.#..#.# #.#
.#.#..#.#..#.# ..+
.#..##...##..# #o#
.#....!?O.WOO###o#
.###############@#
......©.©.....##.#
#.............##.#
#######....(.....#
############


You could see an orc warrior and an orc.

Vanquished Creatures
  2 necrophages
  An ogre (D:6)
  A kobold brigand (D:3)
  A water moccasin skeleton (D:5)
  3 wights (D:5)
  An iguana (D:5)
  A hound skeleton (D:5)
  A howler monkey zombie (D:6)
  5 gnolls
  5 adders
  2 shadow imps (D:5)
  2 dart slugs
  3 orcs
  7 endoplasms
  A giant cockroach (D:2)
  7 goblins
  6 hobgoblins
  4 jackals (D:1)
  12 kobolds
  3 quokkas
  4 ball pythons
  8 bats
  A frilled lizard (D:1)
  4 rats
85 creatures vanquished.

Vanquished Creatures (others)
  2 plants (D:3)
2 creatures vanquished.

Grand Total: 87 creatures vanquished

Notes
Turn   | Place    | Note
-------+----------+-------------------------------------------
     0 | D:1      | smarlow the Minotaur Fighter began the quest for the Orb.
     0 | D:1      | Reached XP level 1. HP: 19/19 MP: 0/0
   223 | D:1      | Reached XP level 2. HP: 14/27 MP: 1/1
   572 | D:1      | Reached XP level 3. HP: 25/33 MP: 2/2
  1488 | D:2      | Reached XP level 4. HP: 25/41 MP: 3/3
  1748 | D:2      | Found a faded altar of an unknown god.
  2448 | D:3      | Reached XP level 5. HP: 32/47 MP: 4/4
  2913 | D:3      | Reached skill level 5 in Fighting
  2922 | D:3      | Reached skill level 5 in Armour
  3276 | D:4      | Found a runed translucent door.
  3750 | D:4      | Found a runed translucent door.
  3752 | D:4      | Noticed issech's ghost (amateur TrMo)
  3935 | D:5      | Entered Level 5 of the Dungeon
  3950 | D:5      | Found a shimmering blue altar of Sif Muna.
  3962 | D:5      | Reached skill level 5 in Shields
  3962 | D:5      | Reached XP level 6. HP: 53/56 MP: 5/5
  4711 | D:5      | Found a burning altar of Makhleb.
  4720 | D:5      | Reached skill level 5 in Axes
  4720 | D:5      | Reached XP level 7. HP: 55/62 MP: 6/6
  5048 | D:5      | Found a hazy altar of Hepliaklqana.
  5422 | D:6      | Identified the +0 robe of the Leaf {Rampage}
  5704 | D:6      | Found a transporter.
  5705 | D:6      | Noticed Dvallin's ghost (amateur KoDe)
  5706 | D:6      | Found a transporter.
  5709 | D:6      | Identified the +4 great mace of Starshine {flame, Str+2
                  | Dex+4 SInv}
  5709 | D:6      | Noticed a two-headed ogre
  5727 | D:6      | Mangled by an orc warrior

Illustrated notes

Levels and vault maps discovered:
D:1:      nzn_arrival_settlement, layout_basic, minmay_surrounded
D:2:      layout_loops_ring, hellmonk_ecumenical_altar_leap_of_faith
D:3:      cheibrodos_thug_alley, layout_basic, guppyfry_early_lair_pool
D:4:      layout_loops_ring, ebering_ghost_sewer_f
D:5:      layout_loops_ring, old_standard_altar, makhleb_blood_cavern_becter,
          old_standard_altar
D:6:      layout_basic, gammafunk_ghost_smash, serial_corexii_hall,
          corexii_hall_statues_deadend, corexii_hall_statues_s,
          uniq_blork_the_orc, uniq_pikel

Skill      XL: |  1  2  3  4  5  6  7 |
---------------+----------------------+-----
Fighting       | 4 5 6 |  6.1
Armour         | 4 5 6 |  6.1
Shields        | 4 5 6 |  6.1
Axes           | 3 4 5 |  5.4

Action                   |  1- 3 |  4- 6 |  7- 9 || total
-------------------------+-------+-------+-------++-------
Melee: War axe           |    71 |   105 |    27 ||   203
       Headbutt          |     6 |    11 |     3 ||    20
  Use: Scroll            |       |     4 |       ||     4
       Potion            |       |       |     1 ||     1
Armor: Scale mail        |    45 |    38 |     3 ||    86
Dodge: Dodged            |    50 |    37 |    14 ||   101
Block: Buckler           |    19 |    28 |     4 ||    51
